 Dungeon Crawl Stone Soup version 0.16.0 (webtiles) character file.

387 Fiveotanaka the Ruffian (level 6, -2/59 HPs)
             Began as a Troll Monk on Mar 23, 2015.
             Slain by a wight
             ... wielding a +0 battleaxe of electrocution
              (19 damage)
             ... on level 6 of the Dungeon.
             The game lasted 00:03:06 (996 turns).

Fiveotanaka the Ruffian (Troll Monk)                 Turns: 996, Time: 00:03:07

Health: -2/59      AC:  6    Str: 20    XL:     6   Next: 49%
Magic:  3/3        EV: 10    Int:  6    God:
Gold:   77         SH:  0    Dex: 11    Spells: 0 memorised, 5 levels left

rFire  . . .     SeeInvis .       - Unarmed
rCold  . . .     Clarity  .     a - +0 robe
rNeg   . . .     SustAb   .     (shield restricted)
rPois  .         Gourm    +     (helmet restricted)
rElec  .         Spirit   .     n - +0 cloak
rCorr  .         Warding  .     (gloves unavailable)
rMut   .         Stasis   .     (boots unavailable)
MR     .....                    (no amulet)
Stlth  +.........               (no ring)
                                m - -3 ring of dexterity (curse)

@: drained, not resistant to hostile enchantments, very unstealthy
A: unfitting armour, claws 3, fast metabolism 3, gourmand, regeneration 2,
shaggy fur 1, tough skin 2
a: no special abilities


You were on level 6 of the Dungeon.
You were full.

You visited 1 branch of the dungeon, and saw 6 of its levels.

You collected 77 gold pieces.

Inventory:

Armour
 a - a +0 robe (worn)
 n - a +0 cloak (worn)
Jewellery
 m - a cursed -3 ring of dexterity (left claw)
Scrolls
 c - a scroll of amnesia {unknown}
 d - a scroll of remove curse {unknown}
 f - 2 scrolls of identify
 i - a scroll of recharging {unknown}
 k - a scroll of magic mapping {unknown}
 l - a scroll of teleportation {unknown}
 o - a scroll of fear {unknown}
Potions
 e - 2 potions of curing {unknown}
 g - 2 potions of flight
 p - 2 potions of heal wounds {unknown}
Comestibles
 b - 2 meat rations
 h - a royal jelly
 j - 2 bread rations


   Skills:
 - Level 2.4(1.9) Fighting
 - Level 2.4(1.9) Dodging
 - Level 1.1(0.7) Stealth
 + Level 7.9(7.4) Unarmed Combat


You had 5 spell levels left.
You didn't know any spells.

Dungeon Overview and Level Annotations

Branches:
Dungeon (6/15)
 Temple: D:4-7

Altars:
Fedhas
Kikubaaqudgha
Yredelemnul


Innate Abilities, Weirdness & Mutations

You are too large for most types of armour.
You have claws for hands.
Your metabolism is lightning-fast.
You like to eat raw meat.
You heal very quickly.
You are covered in fur (AC +1).
You have very tough skin (AC +2).


Message History

You feel drained. The wight closely misses you.
You scratch the wight.
You destroy the wight!
The wight closely misses you.
A wight comes into view. It is wielding an enchanted spear.
You closely miss the wight. You closely miss the wight.
The wight hits you with an enchanted flail.
The wight hits you with a flail of freezing.
The wight freezes you.
You closely miss the wight. The wight barely misses you.
The wight hits you but does no damage. The wight barely misses you.
You mangle the wight!!!
You destroy the wight!
The wight hits you from afar with an enchanted spear.
The wight hits you with a battleaxe of electrocution!!
You feel drained.
* * * LOW HITPOINT WARNING * * *
You are electrocuted!
You die...

## #.###
#.... ..#
##.z. #..#
##zz# #..#
##)@# #.[#
##..## #..#
##...# #..#
##...## #..#
##..### #..#
##..## ##..#
##..##
#...####..##
.....#...##


You could see 3 wights.

Vanquished Creatures
  A centaur (D:6)
  2 wights (D:6)
  2 orc priests (D:4)
  An iguana (D:6)
  An orc wizard (D:4)
  Natasha (twice) (D:3)
  3 gnolls (D:5)
  2 adders
  2 orcs (D:4)
  2 bats
  3 giant cockroaches (D:3)
  2 goblins
  2 hobgoblins
  4 jackals (D:3)
  2 kobolds
  2 gnoll zombies (D:4)
  2 jackal skeletons
  6 rats
41 creatures vanquished.

Notes
Turn   | Place    | Note
--------------------------------------------------------------
     0 | D:1      | Fiveotanaka, the Troll Monk, began the quest for the Orb.
     0 | D:1      | Reached XP level 1. HP: 22/22 MP: 1/1
   207 | D:2      | Reached XP level 2. HP: 29/29 MP: 1/1
   265 | D:3      | Noticed Natasha
   271 | D:3      | Killed Natasha
   271 | D:3      | Reached skill level 5 in Unarmed Combat
   271 | D:3      | Reached XP level 3. HP: 26/36 MP: 2/2
   313 | D:3      | Found an ancient bone altar of Kikubaaqudgha.
   446 | D:3      | Noticed Natasha
   451 | D:3      | Killed Natasha
   504 | D:4      | Reached XP level 4. HP: 44/44 MP: 2/2
   508 | D:4      | Reached skill level 6 in Unarmed Combat
   511 | D:4      | Reached XP level 5. HP: 28/50 MP: 2/2
   586 | D:4      | Found a basalt altar of Yredelemnul.
   682 | D:5      | Entered Level 5 of the Dungeon
   686 | D:5      | Found a blossoming altar of Fedhas.
   777 | D:6      | Noticed a centaur
   794 | D:6      | Killed a centaur
   794 | D:6      | Reached skill level 7 in Unarmed Combat
   794 | D:6      | Reached XP level 6. HP: 4/59 MP: 3/3
   996 | D:6      | Slain by a wight

Action                   |  1- 3 |  4- 6 || total
-------------------------+-------+-------++-------
Melee: Unarmed           |    51 |    36 ||    87
  Use: Scroll            |       |     1 ||     1
 Stab: Sleeping          |     2 |       ||     2
  Eat: Chunk             |     5 |     7 ||    12
